 Dungeon Crawl Stone Soup version 0.31-a0-1589-g8f5e8aebd6 (webtiles) character file.

Game seed: 10221210649060622623

107 Newt the Poker (level 4, 0/37 HPs)
             Began as a Merfolk Gladiator on Jan 5, 2024.
             Slain by a bullfrog (3 damage)
             ... in a sewer.
             The game lasted 00:02:45 (2200 turns).

Newt the Poker (Merfolk Gladiator)                  Turns: 2200, Time: 00:02:46

Health: 0/37       AC:  4    Str: 16    XL:     4   Next: 85%
Magic:  4/4        EV: 16    Int:  7    God:
Gold:   183        SH:  0    Dex: 15    Spells: 3/3 levels left

rFire   . . .        a - +1 trident
rCold   . . .        h - orb {mayhem}
rNeg    . . .        b - +0 leather armour
rPois   .            c - +0 helmet
rElec   .            (no cloak)
rCorr   .            (no gloves)
SInv    .            m - melded +0 pair of boots
Will    .....        (no amulet)
Stlth   ++           (no ring)
HPRegen 0.26/turn    (no ring)
MPRegen 0.09/turn

%: mayhem
@: invisible, very quick
A: nimble swimmer 2, mertail
a: no special abilities


You were in a sewer.
You visited 1 branch of the dungeon, and saw 3 of its levels.
You also visited: Sewer.

You collected 183 gold pieces.

Inventory:

Hand Weapons
 a - a +1 trident (weapon)
Missiles
 d - 3 throwing nets (quivered)
 e - a javelin
Armour
 b - a +0 leather armour (worn)
 c - a +0 helmet (worn)
 h - an orb of mayhem (worn)
 m - a +0 pair of boots (melded)
Wands
 i - a wand of light (7)
Scrolls
 g - 3 scrolls of immolation
Potions
 l - 2 potions of berserk rage {unknown}
 n - a potion of curing
 o - a potion of lignification {unknown}


   Skills:
 - Level 4.0 Fighting
 + Level 5.9 Polearms
 - Level 2.0 Throwing
 - Level 4.0 Dodging


You had 3 spell levels left.
You didn't know any spells.
Your spell library was empty.

Dungeon Overview and Level Annotations

Branches:
Dungeon (3/15)              Sewer (1/1)

Altars:
Qazlal


Innate Abilities, Weirdness & Mutations

You are very nimble when in or above water. (Stealth+, EV+, Speed+++)
Your lower body shifts to a powerful aquatic tail in water.


Message History

The ball python is moderately wounded.
The bullfrog barely misses you.
The bullfrog hits you but does no damage.
The ball python closely misses you. The ball python constricts you.
The bullfrog hits you but does no damage.
You puncture the ball python!
You kill the ball python!
The bullfrog hits you but does no damage.
The bullfrog misses you. The bullfrog hits you.
Unknown command.
The bullfrog attacks as it pursues you! The bullfrog hits you.
The bullfrog hits you but does no damage.
The bullfrog closely misses you.
You puncture the bullfrog!
The bullfrog is heavily wounded.
The bullfrog misses you. The bullfrog barely misses you.
Unknown command.
You closely miss the bullfrog.
The bullfrog is heavily wounded.
The bullfrog hits you but does no damage.
The bullfrog hits you!
* * * LOW HITPOINT WARNING * * *
The bullfrog hits you.
* * * LOW HITPOINT WARNING * * *
The bullfrog hits you but does no damage.
Okay, then.
You fade into invisibility!
The bullfrog hits you but does no damage.
The bullfrog misses you.
The giant cockroach bites you but does no damage.
The bullfrog hits you.
* * * LOW HITPOINT WARNING * * *
Unknown command.
The bullfrog hits you.
* * * LOW HITPOINT WARNING * * *
The bullfrog attacks as it pursues you! The bullfrog hits you.
* * * LOW HITPOINT WARNING * * *
The ball python hisses angrily.
The bullfrog attacks as it pursues you! The bullfrog hits you.
You die...

#.# #.~≈~.≈~≈≈≈≈≈
##.###.~≈~.~≈~≈≈≈≈
#.~.##.~††.#≈≈≈≈≈≈
#~~~##.~††.# ≈≈≈≈≈
#..~##.~≈~.# ≈≈≈≈
#.~.##.~≈~.# ###
#~~~##B~≈~.#
#~~~##~~FF~#
##~~~##~~≈@.##
#..~~~~.~≈~~~~..~~
#.~~~~~~~≈~~~~~~~~
#.†≈≈≈≈≈≈≈≈S≈≈≈≈≈≈
#.~≈~~~~~~~≈~~~~~~
#..≈.~~~~.~~~.....
###≈##############
#≈# #≈#


You could see 2 bullfrogs, a giant cockroach and a ball python.

Vanquished Creatures
  A gnoll (D:1)
  2 adders (D:2)
  A river rat (D:3)
  4 dart slugs
  2 ribbon worms (D:2)
  3 bats
  An endoplasm (D:1)
  4 giant cockroaches
  9 goblins
  4 hobgoblins
  2 jackals (D:1)
  A quokka (D:1)
  7 ball pythons
  7 frilled lizards
  6 kobolds
  6 rats
60 creatures vanquished.

Notes
Turn   | Place    | Note
-------+----------+-------------------------------------------
     0 | D:1      | Newt the Merfolk Gladiator began the quest for the Orb.
     0 | D:1      | Reached XP level 1. HP: 16/16 MP: 1/1
   107 | D:1      | Reached XP level 2. HP: 23/23 MP: 2/2
   409 | D:1      | Reached XP level 3. HP: 24/30 MP: 3/3
   502 | D:1      | Found a faded altar of an unknown god.
  1155 | D:2      | Reached skill level 5 in Polearms
  1155 | D:2      | Reached XP level 4. HP: 37/37 MP: 4/4
  1461 | D:2      | Found a stormy altar of Qazlal.
  2106 | D:3      | Found a glowing drain.
  2129 | Sewer    | Entered a sewer
  2184 | Sewer    | Noticed a bullfrog
  2184 | Sewer    | Noticed a bullfrog
  2200 | Sewer    | Slain by a bullfrog

Illustrated notes

Levels and vault maps discovered:
D:1:      minmay_arrival_nine_rooms, layout_basic,
          shapermc_ecumenical_altar_hornbeckon, minmay_tetromino_i2
D:2:      mumra_celtic_spiral_tile, layout_basic, basic_altar,
          wander_ebering_terrifying_dragon_lair
D:3:      layout_loops_ring, portal_sewer_entry_a, uniq_jessica
Sewer:    sewer_frog_island_01

Skill      XL: |  1  2  3 |
---------------+----------+-----
Fighting       | 3 4 |  4.0
Polearms       | 5 |  5.9
Throwing       | |  2.0
Dodging        | |  4.0

Action                     |  1- 3 |  4- 6 || total
---------------------------+-------+-------++-------
  Melee: Trident           |   100 |    75 ||   175
         Tailslap          |       |     2 ||     2
    Use: Scroll            |     5 |     4 ||     9
         Potion            |       |     1 ||     1
   Stab: Sleeping          |     2 |     2 ||     4
 Armour: Leather armour    |    28 |    52 ||    80
  Dodge: Dodged            |    58 |    50 ||   108

Table legend: (Time is in decaauts)
 A = Elapsed time spent in this place.
 B = Non-inter-level travel time spent in this place.
 C = Inter-level travel time spent in this place.
 D = Time resting spent in this place.
 E = Time spent auto-exploring this place.
 F = Levels seen in this place.
 G = Mean time per level.
                   A        B        C        D        E       F      G
               +--------+--------+--------+--------+--------+-----+--------+
         Total |   2192 |   2065 |    127 |      0 |   1549 |   4 |  548.0 |
       Dungeon |   2132 |   2005 |    127 |      0 |   1519 |   3 |  710.7 |
         Sewer |     60 |     60 |      0 |      0 |     30 |   1 |   60.0 |
               +--------+--------+--------+--------+--------+-----+--------+

Top non-repeatable levels by time:
     D:2: 1006 daAuts
     D:1: 920 daAuts
     D:3: 205 daAuts
   Sewer: 60 daAuts
